 Dungeon Crawl Stone Soup version 0.29-a0-1047-g7c58e119a4 (webtiles) character file.

Game seed: 16343870261495077114

4 polve the Trooper (level 1, -1/18 HPs)
             Began as a Demonspawn Berserker on Aug 16, 2022.
             Was a Follower of Trog.
             Slain by a hobgoblin (3 damage)
             ... on level 1 of the Dungeon.
             The game lasted 00:00:14 (46 turns).

polve the Trooper (Demonspawn Berserker)              Turns: 46, Time: 00:00:14

Health: -1/18      AC:  2    Str: 17    XL:     1   Next: 58%
Magic:  1/1        EV: 12    Int:  8    God:    Trog [*.....]
Gold:   5          SH:  0    Dex: 12    Spells: 0/0 levels left

rFire   . . .      SeeInvis .   a - +0 hand axe
rCold   . . .      Faith    .   (no shield)
rNeg    . . .      Spirit   .   b - +0 animal skin
rPois   .          Reflect  .   (no helmet)
rElec   .          Harm     .   (no cloak)
rCorr   .          Rampage  .   (no gloves)
Will    .....                   (no boots)
Stlth   +.........              (no amulet)
HPRegen 0.06/turn               (no ring)
MPRegen 0.07/turn               (no ring)

@: no status effects
A: no striking features
a: Renounce Religion, Berserk


You were on level 1 of the Dungeon.
You worshipped Trog.
Trog was aware of your devotion.
You visited 1 branch of the dungeon, and saw 1 of its levels.

You collected 5 gold pieces.

Inventory:

Hand Weapons
 a - a +0 hand axe (weapon)
Armour
 b - a +0 animal skin (worn)


   Skills:
 - Level 3.0 Fighting
 + Level 3.0 Axes
 - Level 1.7 Armour
 - Level 1.7 Dodging


You couldn't memorise any spells.
You didn't know any spells.
Your spell library was empty.

Dungeon Overview and Level Annotations

Branches:
Dungeon (1/15)

Altars:


Message History

There are monsters nearby!
There are monsters nearby!
Nothing quivered!
You are too injured to fight recklessly!
You hit the frilled lizard.
The frilled lizard is heavily wounded.
The frilled lizard bites you.
You barely miss the frilled lizard.
The frilled lizard is heavily wounded.
A goblin comes into view. It is wielding a +0 club.
The frilled lizard closely misses you.
You barely miss the frilled lizard.
The frilled lizard is heavily wounded.
The frilled lizard bites you.
You are too injured to fight recklessly!
You closely miss the frilled lizard.
The frilled lizard is heavily wounded.
The goblin shouts!
A frilled lizard comes into view.
The frilled lizard barely misses you.
The frilled lizard bites you but does no damage.
The frilled lizard hisses angrily.
You hit the frilled lizard.
You kill the frilled lizard!
Trog accepts your kill.
You completely miss the hobgoblin. The hobgoblin barely misses you.
You hit the hobgoblin but do no damage. The hobgoblin closely misses you.
You barely miss the hobgoblin. The goblin closely misses you.
The kobold hits you with a +0 short sword.
The hobgoblin barely misses you.
You see here a frilled lizard corpse.
You barely miss the goblin. You barely miss the hobgoblin. You miss the kobold.
The goblin hits you with a +0 club.
* * * LOW HITPOINT WARNING * * *
The kobold barely misses you. The hobgoblin hits you.
* * * LOW HITPOINT WARNING * * *
The kobold attacks as you move away! The kobold barely misses you.
The hobgoblin hits you.
You die...

## ###≈### ##.
#.#≈#.# . ..
##.#≈#.### .# ... #.
..#≈#... ..#
.....#K###.#≈#.###..#
....rbggg# #≈#!#...
......##@###~###.#
.....
#.........#######
....
##..(...........#.
... ##.##............
..
..###.##............
.
......##............
..............>....
...###............
.##.##......##.....


You could see a hobgoblin, 2 goblins, a bat, a kobold and a rat.

Vanquished Creatures
  An endoplasm (D:1)
  A goblin (D:1)
  A hobgoblin (D:1)
  A frilled lizard (D:1)
4 creatures vanquished.

Notes
Turn   | Place    | Note
-------+----------+-------------------------------------------
     0 | D:1      | polve the Demonspawn Berserker began the quest for the Orb.
     0 | D:1      | Reached XP level 1. HP: 18/18 MP: 1/1
    46 | D:1      | Slain by a hobgoblin

Illustrated notes

Levels and vault maps discovered:
D:1:      roderic_chinese_lattice_arrival, layout_rooms,
          hellmonk_ecumenical_altar_arch_garden, grunt_decor_cap

Skill      XL: |  1 |
---------------+----+-----
Axes           | 3 |  3.0
Fighting       | |  3.0
Armour         | |  1.7
Dodging        | |  1.7

Action                   || total
-------------------------++-------
Melee: Hand axe          ||    18
Armor: Animal skin       ||     3
Dodge: Dodged            ||    11

Table legend: (Time is in decaauts)
 A = Elapsed time spent in this place.
 B = Non-inter-level travel time spent in this place.
 C = Inter-level travel time spent in this place.
 D = Time resting spent in this place.
 E = Time spent auto-exploring this place.
 F = Levels seen in this place.
 G = Mean time per level.
                   A        B        C        D        E       F      G
               +--------+--------+--------+--------+--------+-----+--------+
         Total |     48 |     48 |      0 |      0 |     18 |   1 |   48.0 |
       Dungeon |     48 |     48 |      0 |      0 |     18 |   1 |   48.0 |
               +--------+--------+--------+--------+--------+-----+--------+

Top non-repeatable levels by time:
     D:1: 48 daAuts
